 Dungeon Crawl Stone Soup version 0.29.1 (webtiles) character file.

Game seed: 17234017030618702851

15 ragingrage the Stinger (level 2, -1/22 HPs)
             Began as a Naga Venom Mage on Sept 12, 2022.
             Slain by a frilled lizard (3 damage)
             ... on level 1 of the Dungeon.
             The game lasted 00:00:30 (439 turns).

ragingrage the Stinger (Naga Venom Mage)             Turns: 439, Time: 00:00:31

Health: -1/22      AC:  1    Str: 10    XL:     2   Next: 50%
Magic:  2/5        EV: 10    Int: 15    God:
Gold:   25         SH:  0    Dex: 11    Spells: 2/5 levels left

rFire   . . .      SeeInvis +   (no weapon)
rCold   . . .      Faith    .   (no shield)
rNeg    . . .      Spirit   .   a - +0 robe
rPois   +          Reflect  .   (no helmet)
rElec   .          Harm     .   (no cloak)
rCorr   .          Rampage  .   (no gloves)
Will    +....                   (no barding)
Stlth   ++........              (no amulet)
HPRegen 0.07/turn               f - ring of willpower
MPRegen 0.09/turn               (no ring)

@: very slow
A: AC +0, large, see invisible, deformed body, poison resistance, slowness 2,
spit poison 1, naga tail 1
a: Spit Poison


You were on level 1 of the Dungeon.
You visited 1 branch of the dungeon, and saw 1 of its levels.

You collected 25 gold pieces.

Inventory:

Armour
 a - a +0 robe (worn)
Jewellery
 f - a ring of willpower (left hand)
Scrolls
 c - a scroll of immolation {unknown}
 e - a scroll of enchant armour {unknown}
Potions
 b - a potion of magic
 d - 2 potions of curing {unknown}


   Skills:
 + Level 1.8 Dodging
 + Level 3.4 Stealth
 + Level 2.1 Spellcasting
 + Level 1.3 Transmutations
 + Level 4.2 Poison Magic


You had 2 spell levels left.
You knew the following spells:

 Your Spells              Type           Power      Damage    Failure   Level
a - Sting                 Tmut/Pois      40%        1d5       7%          1
b - Poisonous Vapours     Pois/Air       16%        N/A       14%         2

Your spell library contained the following spells:

 Spells                   Type           Power      Damage    Failure   Level
 Mephitic Cloud           Conj/Pois/Air  5%         N/A       36%         3
 Olgreb's Toxic Radiance  Pois           14%        N/A       36%         4


Dungeon Overview and Level Annotations

Branches:
Dungeon (1/15)

Altars:


Innate Abilities, Weirdness & Mutations

Your serpentine skin is tough. (AC +0)
You have supernaturally acute eyesight. (SInv)
Armour fits poorly on your strangely shaped body.
Your system is resistant to poisons. (rPois)
You cover ground very slowly.
You can spit poison.
You have a snake-like lower body.


Message History

The jackal is lightly wounded.
The jackal misses you.
Poisonous vapours surround the jackal!
The jackal looks even sicker.
You kill the jackal!
The jackal completely misses you.
Aiming: Spit Poison (2% risk of failure)
Press: ? - help, Shift-Dir - straight line, f - jackal
Aim: a jackal (50% to hit)
The splash of poison hits the jackal but does no damage.
The jackal is poisoned.
The frilled lizard hisses angrily.
The jackal bites you. x2
You barely miss the jackal. The jackal bites you.
You are too injured to fight recklessly!
You hit the jackal.
The jackal is moderately wounded.
The jackal bites you. The jackal closely misses you.
You are too injured to fight recklessly!
You closely miss the jackal.
The jackal is moderately wounded.
The jackal bites you. The frilled lizard barely misses you.
You closely miss the jackal.
The jackal is severely wounded.
You have got your breath back.
You kill the jackal!
The frilled lizard bites you.
You are too injured to fight recklessly!
The frilled lizard hisses.
You are too injured to fight recklessly!
You are too injured to fight recklessly!
You miss the frilled lizard. The frilled lizard misses you.
You closely miss the frilled lizard. The frilled lizard barely misses you.
You closely miss the frilled lizard. The frilled lizard bites you.
* * * LOW HITPOINT WARNING * * *
You hit the frilled lizard but do no damage.
The frilled lizard bites you.
* * * LOW HITPOINT WARNING * * *
A frilled lizard is nearby!
You closely miss the frilled lizard. The frilled lizard bites you.
You die...

......# .....##
#.8.⌠.8.# #....#
#....... ##.#†#
#.⌠._.⌠
####.######## #.....
.........#..# #.8.⌠
..........#.# ...
.(.#.#.....## #†#
...#.#......# #@#
...#.#......# ##l#
.# #.#.#....###.#.#
##.#.#.##...#..###.#
..⌠#.#⌠.....#.## #..
####.#####..##.##
###
....<...........#
####.#####..##.#.#
..⌠#.# .....##.#.#


You could see a frilled lizard.

Vanquished Creatures
  2 bats (D:1)
  2 endoplasms (D:1)
  A giant cockroach (D:1)
  A goblin (D:1)
  A hobgoblin (D:1)
  2 jackals (D:1)
  A ball python (D:1)
  A kobold (D:1)
  2 rats (D:1)
13 creatures vanquished.

Notes
Turn   | Place    | Note
-------+----------+-------------------------------------------
     0 | D:1      | ragingrage the Naga Venom Mage began the quest for the Orb.
     0 | D:1      | Reached XP level 1. HP: 15/15 MP: 3/3
   227 | D:1      | Reached XP level 2. HP: 20/22 MP: 3/5
   293 | D:1      | Learned a level 2 spell: Poisonous Vapours
   421 | D:1      | Found a faded altar of an unknown god.
   439 | D:1      | Slain by a frilled lizard

Illustrated notes

Levels and vault maps discovered:
D:1:      matt_arrival_grand_opening, layout_loops_ring,
          hellmonk_ecumenical_altar_dog_temple, hangedman_decor_lopped

Action                   || total
-------------------------++-------
Melee: Unarmed           ||    25
 Cast: Sting             ||    12
       Poisonous Vapours ||     4
 Abil: Spit Poison       ||     3
 Stab: Sleeping          ||     1
Dodge: Dodged            ||    21
